 Dungeon Crawl Stone Soup version 0.30.0-29-ga12c61a403 (webtiles) character file.

Game seed: 5015140653962691137

109 monsoonserge the Ruffian (level 4, 37/37 HPs)
             Began as a Ghoul Gladiator on June 14, 2023.
             Was a Follower of Fedhas.
             Quit the game on level 2 of the Dungeon.
             The game lasted 00:04:29 (2142 turns).

monsoonserge the Ruffian (Ghoul Gladiator)          Turns: 2142, Time: 00:04:30

Health: 37/37      AC:  9    Str: 19    XL:     4   Next: 90%
Magic:  3/3        EV:  8    Int:  3    God:    Fedhas [*.....]
Gold:   228        SH:  0    Dex: 10    Spells: 3/3 levels left

rFire   . .          .
                       - Unarmed
rCold   + . .        (no shield)
rNeg    + + +        k - +0 chain mail
rPois   ∞            b - +0 helmet
rElec   .            (no cloak)
rCorr   .            (no gloves)
SInv    .            (no boots)
Will    .....        (no amulet) Stlth
                     (no ring)
HPRegen 0.26/turn    (no ring)
MPRegen 0.08/turn

%: no passive effects
@: no status effects
A: claws 1, cold resistance 1, negative energy resistance 3, inhibited
regeneration, torment resistance 2, devour on kill
a: Renounce Religion


You were on level 2 of the Dungeon.
You worshipped Fedhas.
Fedhas was aware of your devotion.
You visited 1 branch of the dungeon, and saw 3 of its levels.

You collected 228 gold pieces.

Inventory:

Missiles
 c - 3 throwing nets
 d - a javelin
 n - 7 poisoned darts
 r - 6 boomerangs (quivered)
Armour
 a - a +0 leather armour
 b - a +0 helmet (worn)
 h - a +0 scale mail
 k - a +0 chain mail (worn)
Jewellery
 o - a ring of fire
Wands
 q - a wand of digging (6)
Scrolls
 f - a scroll of noise {unknown}
 g - a scroll of vulnerability {unknown}
 i - 2 scrolls of identify {unknown}
 l - a scroll of fear {unknown}
 m - a scroll of acquirement {unknown}
Potions
 e - 2 potions of curing {unknown}
 j - 2 potions of flight {unknown}
 p - a potion of might {unknown}
 s - 2 potions of heal wounds {unknown}


   Skills:
 + Level 2.4 Fighting
 + Level 2.0 Throwing
 + Level 0.4 Armour
 + Level 3.1 Dodging
 * Level 5.3 Unarmed Combat


You had 3 spell levels left.
You didn't know any spells.
Your spell library was empty.

Dungeon Overview and Level Annotations

Branches:
Dungeon (3/15)

Altars:
Fedhas
Trog
Xom


Innate Abilities, Weirdness & Mutations

You are immune to poison.
You have sharp fingernails.
Your flesh is cold resistant. (rC+)
You are immune to negative energy. (rN+++)
You do not regenerate when monsters are visible.
You are immune to unholy pain and torment.
You thrive by killing the living.


Message History

You kill the goblin!
You feel better.
Things that are here:
a +0 dagger; an adder corpse You now have 228 gold pieces (gained 6).
s - 2 coppery potions
Found an escape hatch in the floor.
There is an escape hatch in the floor here.
Found an escape hatch in the ceiling.
There is an escape hatch in the floor here.
Things that are here:
a +0 dagger; an adder corpse
There is a stone staircase leading up here.
You climb upwards.
There is a stone staircase leading down here.
You climb downwards.
There is a stone staircase leading up here.
There is a stone staircase leading up here.
You climb upwards.
There is a stone staircase leading down here.
Found a scroll labelled FUTHI JETHUTEK.
Things that are here:
a stone; a +0 short sword
There is a stone staircase leading up here.
You climb upwards.
There is a stone staircase leading down here.
You enter the shallow water.
Moving in this stuff is going to be slow.
There is an open door here.
There is an open door here.
There is an open door here.
There is a stone staircase leading down here.
You climb downwards.
There is a stone staircase leading up here.
There is a faded altar of an unknown god here.
This altar belongs to (a) Ignis, (b) Fedhas or (c) Uskayaw, but you can't tell which.
Press the corresponding letter to learn more about a god, or press enter to convert or escape to cancel.
Fedhas accepts your prayer! Fedhas welcomes you!
The plants of the dungeon cease their hostilities.
Are you sure you want to abandon this character and quit the game? (Confirm with "yes".)

#.#.##.##.##..#.###
#######.#.##.##.##...... #..
....#.......##.##.# ### # #.#
#..#.#...........#### ..#.. #.#
#..#.#...#≈≈§#.)....## #.#.#
#.####........#...#.......# #.#.#
........#....†#.<.#.#.##..###.#.#
######........#...#...##.........
# #####.##....#.@.#.####.........
# #.....##.##.#...#.# #....)....
# #.######.##.#≈≈≈#.# #.........
# #.# #.##.(.....####.......). #
#.# #.###.##### #...........
###.# #.# #.# #.#......... ....#
#.# #. #.##........ ##### #.# #.
............ # #.# .####..###.


There were no monsters in sight!

Vanquished Creatures
  Terence (D:3)
  4 adders
  A white imp (D:3)
  A worm (D:3)
  A dart slug (D:1)
  An orc (D:3)
  5 bats
  2 endoplasms (D:1)
  5 giant cockroaches
  3 goblins (D:3)
  2 hobgoblins
  2 kobolds (D:2)
  A quokka (D:2)
  4 ball pythons
  2 frilled lizards
  2 rats
37 creatures vanquished.

Notes
Turn   | Place    | Note
-------+----------+-------------------------------------------
     0 | D:1      | monsoonserge the Ghoul Gladiator began the quest for the
                  | Orb.
     0 | D:1      | Reached XP level 1. HP: 17/17 MP: 0/0
   234 | D:1      | Reached XP level 2. HP: 24/24 MP: 1/1
  1056 | D:2      | Reached skill level 4 in Unarmed Combat
  1090 | D:2      | Reached XP level 3. HP: 29/29 MP: 2/2
  1142 | D:2      | Found a shimmering altar of Xom.
  1169 | D:2      | Found a faded altar of an unknown god.
  1300 | D:3      | Reached XP level 4. HP: 23/37 MP: 3/3
  1574 | D:3      | Found a bloodstained altar of Trog.
  1655 | D:3      | Noticed Terence
  1666 | D:3      | Killed Terence
  1667 | D:3      | Reached skill level 5 in Unarmed Combat
  2141 | D:2      | Prayed at the altar of an unknown god.
  2141 | D:2      | Became a worshipper of Fedhas Madash
  2141 | D:2      | Reached * piety under Fedhas
  2142 | D:2      | Quit the game

Illustrated notes

Levels and vault maps discovered:
D:1:      kilobyte_arrival_exit_the_forest, layout_loops_corners,
          grunt_decor_cap, st_stairs_7, chequers_serial_rivers_marsh
D:2:      layout_loops_ring, nicolae_ecumenical_oubliette, basic_altar
D:3:      minmay_evil_eye, layout_loops_ring, overflow_temple_1_default,
          amethyst_killhole, uniq_terence

Skill      XL: |  1  2  3  4 |
---------------+-------------+-----
Dodging        | 3 |  3.1
Unarmed Combat | 4 5 |  5.3
Throwing       | 2 |  2.0
Fighting       | |  2.4
Armour         | |  0.4

Action                     |  1- 3 |  4- 6 || total
---------------------------+-------+-------++-------
  Melee: Unarmed           |    74 |    35 ||   109
         Punch             |     1 |       ||     1
 Armour: Leather armour    |     6 |       ||     6
         Chain mail        |    20 |    10 ||    30
         Scale mail        |     7 |       ||     7
  Dodge: Dodged            |    35 |    10 ||    45
